 Dungeon Crawl Stone Soup version 0.28.0-47-ge53b351184 (webtiles) character file.

Game seed: 10002109444957870242

123 101zpm the Magician (level 5, 0/35 HPs)
             Began as a Djinni Fire Elementalist on May 8, 2022.
             Killed from afar by an orc wizard (5 damage)
             ... with a magic dart
             ... on level 3 of the Dungeon.
             The game lasted 00:04:08 (4425 turns).

101zpm the Magician (Djinni Fire Elementalist)      Turns: 4425, Time: 00:04:09

Health: 0/35       AC:  2    Str:  7    XL:     5   Next: 28%
Gold:   106        EV: 12    Int: 19    God:
                   SH:  0    Dex: 13

rFire   + + .      SeeInvis .   (no weapon)
rCold   x . .      Faith    .   (no shield)
rNeg    . . .      Spirit   .   a - +0 robe
rPois   ∞          Reflect  .   (no helmet)
rElec   .          Harm     .   (no cloak)
rCorr   .          Rampage  .   (no gloves)
Will    .....                   (boots unavailable)
Stlth   ++........              (no amulet)
HPRegen 0.11/turn               (no ring)
MPRegen 0.00/turn               (no ring)

@: flying
A: sickness immunity, fire resistance 2, cold vulnerability 1, float, innate
caster, HP casting, extra vitality 1
a: no special abilities


You were on level 3 of the Dungeon.
You visited 1 branch of the dungeon, and saw 3 of its levels.

You collected 106 gold pieces.

Inventory:

Missiles
 f - 5 silver boomerangs
Armour
 a - a +0 robe (worn)
Scrolls
 c - a scroll of fear {unknown}
 e - 2 scrolls of identify {unknown}
 g - a scroll of noise {unknown}
 i - 2 scrolls of summoning {unknown}
 j - a scroll of teleportation {unknown}
Potions
 b - a potion of brilliance {unknown}
 d - 2 potions of resistance {unknown}
 h - a potion of ambrosia {unknown}


   Skills:
 + Level 2.4 Dodging
 + Level 1.9 Stealth
 + Level 4.1 Spellcasting


You couldn't memorise any spells.
You knew the following spells:

 Your Spells              Type           Power      Damage    Failure   Level
a - Foxfire               Conj/Fire      76%        2x1d7     2%          1
b - Scorch                Fire           38%        2d7       3%          2
c - Conjure Flame         Conj/Fire      19%        6-21      8%          3
d - Inner Flame           Hex/Fire       19%        N/A       8%          3
e - Flame Wave            Conj/Fire      19%        2d6       24%         4
f - Animate Skeleton      Necr           38%        N/A       2%          1
g - Blink                 Tloc           38%        N/A       3%          2
Your spell library was empty.

Dungeon Overview and Level Annotations

Branches:
Dungeon (3/15)

Altars:

Shops:
D:3 (


Innate Abilities, Weirdness & Mutations

You are immune to sickness and miasma.
You are immune to poison.
Your flesh is very heat resistant. (rF++)
You are vulnerable to cold. (rC-)
You float through the air rather than walking.
You learn spells naturally, not from books.
Your magical power is your life essence.
You have superior vitality. (+4 MHP)


Message History

Your Spellcasting skill increases to level 4!
You start resting.
An orc wizard comes into view. It is wielding a +0 dagger.
Casting: Scorch (safe; 3% risk of failure)
Confirm with . or Enter, or press ? or * to list all spells.
Flames lash the orc wizard.
The orc wizard is heavily wounded.
The orc wizard's fire resistance burns away.
Casting: Scorch (safe; 3% risk of failure)
Confirm with . or Enter, or press ? or * to list all spells.
Flames lash the orc wizard.
The orc wizard is burned terribly!
The orc wizard is severely wounded.
The orc wizard points at you and mumbles some strange words.
You are confused.
You're too confused to cast spells.
You're too confused to cast spells.
You bump into the rock wall.
The orc wizard mumbles some strange words.
The orc wizard flickers and vanishes!
Deactivating autopickup; reactivate with Ctrl-A.
You closely miss something. Something hits you.
You bump into the rock wall.
Something hits you.
You completely miss something. Something hits you but does no damage.
Your magical contamination has completely faded away.
Found a robe.
You feel less confused.
You hear some strange, mumbled words.
Something tries to affect you, but you resist.
Something hits you.
* * * LOW HITPOINT WARNING * * *
You closely miss something.
You hear some strange, mumbled words.
Something tries to affect you, but you resist.
You closely miss something. Something hits you.
* * * LOW HITPOINT WARNING * * *
You hit something but do no damage.
You hear some strange, mumbled words.
A magic dart appears from out of thin air!
The magic dart hits you.
You die...

... .# # ... ..# .
#.# #.# #. #.# #.#
#.##.# #.# #..#.#
#.# #. #...####.#
...
#...@{<†.###....
#...#####).....#.#
#..# ###.......#
..[ ###...##...##
.
######...#........
........†.........
#...###...####....
... #g.### #..
§)###


There were no monsters in sight!

Vanquished Creatures
  A hound (D:3)
  An orc wizard (D:3)
  4 dart slugs (D:2)
  3 orcs (D:3)
  8 bats
  3 endoplasms
  5 giant cockroaches
  3 goblins
  5 hobgoblins
  6 jackals
  2 kobolds
  2 quokkas
  5 ball pythons
  3 frilled lizards
  5 rats
56 creatures vanquished.

Vanquished Creatures (collateral kills)
  A foxfire (D:1)
1 creature vanquished.

Vanquished Creatures (others)
  302 foxfires
302 creatures vanquished.

Grand Total: 359 creatures vanquished

Notes
Turn   | Place    | Note
-------+----------+-------------------------------------------
     0 | D:1      | 101zpm the Djinni Fire Elementalist began the quest for the
                  | Orb.
     0 | D:1      | Reached XP level 1. HP: 15/15 MP: 0/0
   607 | D:1      | Reached XP level 2. HP: 14/21 MP: 0/0
  1403 | D:1      | Reached XP level 3. HP: 22/25 MP: 0/0
  1403 | D:1      | Learned a level 1 spell: Animate Skeleton
  1511 | D:1      | Reached skill level 3 in Spellcasting
  1768 | D:1      | Found a faded altar of an unknown god.
  3373 | D:2      | Reached XP level 4. HP: 26/31 MP: 0/0
  4099 | D:3      | Found Xuroppom's Weapon Shoppe.
  4125 | D:3      | Reached XP level 5. HP: 4/35 MP: 0/0
  4125 | D:3      | Learned a level 2 spell: Blink
  4412 | D:3      | Reached skill level 4 in Spellcasting
  4425 | D:3      | Killed from afar by an orc wizard

Illustrated notes

Levels and vault maps discovered:
D:1:      saegor_arrival_miasma, layout_rooms, shapermc_ecumenical_altar_pompeii
D:2:      layout_basic, minmay_tree_intersection, minmay_pentomino_t4
D:3:      layout_rooms, serial_shops, nicolae_shop_bloodbath_and_beyond

Skill      XL: |  1  2  3  4  5 |
---------------+----------------+-----
Spellcasting   | 3 4 |  4.1
Dodging        | |  2.4
Stealth        | |  1.9

Action                   |  1- 3 |  4- 6 || total
-------------------------+-------+-------++-------
Melee: Unarmed           |       |     5 ||     5
 Cast: Foxfire           |   161 |    34 ||   195
       Scorch            |     6 |    10 ||    16
       Inner Flame       |       |     2 ||     2
Armor: Robe              |     2 |     1 ||     3
Dodge: Dodged            |     3 |     1 ||     4
